AoeStats
← fahre

MegaRandom

510429984Analyzed
2v2 RM · 1d ago on Oct 1, 2026· 33m 41s· 4 players
Game mode
Random Map
Map size
Medium (4 player)
Population
200
Speed
Normal
Resources
Standard
Victory
Conquest
Starting age
Dark Age
Ending age
Imperial Age
RankedLock teamsTeams togetherTeam positionsShared explorationLock speedFull tech treeHidden civsTurbo modeCheats
Victory
Defeat
🇨🇴 Mongols · Colombia
871
+11
🇨🇴 Malay · Colombia
829
+13
🇹🇷 Lithuanians · Türkiye
794
-14
🇺🇸 Teutons · United States
717
-10
Alberto Picante
5:22 Loom
18:50 Feudal Age
20:07 Wheelbarrow
19:15 Horse Collar
19:46 Double-Bit Axe
19:55 Gold Mining
21:28 Stone Mining
27:45 Castle Age
26:47 Fletching
fahre
9:18 Loom
17:11 Feudal Age
17:37 Man-at-Arms
24:08 Gold Mining
24:05 Double-Bit Axe
24:04 Horse Collar
28:57 Castle Age
28:24 Bloodlines
30:08 Husbandry
30:15 Fletching
30:25 Elite Skirmisher
31:41 Bodkin Arrow
33:11 Bow Saw
rigveri25
4:54 Loom
14:18 Feudal Age
15:20 Double-Bit Axe
15:20 Horse Collar
21:15 Castle Age
20:10 Stone Mining
21:26 Crossbowman
26:28 Fletching
30:19 Heavy Plow
30:39 Padded Archer Armor
32:16 Leather Archer Armor
32:01 Bodkin Arrow
ARESGMGG99
10:55 Loom
14:47 Feudal Age
24:59 Castle Age
29:44 Husbandry
30:01 Forging
35:59 Imperial Age
Connection lost

Rejoining the realm…

Still unreachable

The connection could not be restored.

Session expired

The server has moved on; the page needs a fresh start.